 Dungeon Crawl Stone Soup version 0.25-a0-294-gea9b1ad378 (webtiles) character file.

Game seed: 17219959660614819296, levelgen mode: deterministic

134 Barrydekale the Magician (level 5, -2/37 HPs)
             Began as a Gnoll Wizard on Dec 16, 2019.
             Killed from afar by Grinder (13 damage)
             ... with a puff of flame
             ... on level 3 of the Dungeon.
             The game lasted 00:07:25 (3186 turns).

Barrydekale the Magician (Gnoll Wizard)             Turns: 3186, Time: 00:07:26

Health: -2/37      AC:  3    Str:  9    XL:     5   Next: 17%
Magic:  3/14       EV: 14    Int: 22    God:
Gold:   105        SH:  0    Dex: 13    Spells: 7/18 levels left

rFire    . . .     SeeInvis .   p - +1 short sword (vamp)
rCold    . . .     Gourm    .   (no shield)
rNeg     . . .     Faith    .   a - +0 robe
rPois    .         Spirit   .   b - +0 hat
rElec    .         Reflect  .   (no cloak)
rCorr    .         Harm     .   m - +0 pair of gloves
MR       .....                  (no boots)
Stlth    +++.......             (no amulet)
HPRegen  0.12/turn              (no ring)
MPRegen  0.14/turn              (no ring)

@: no status effects
A: distributed training, fangs 1, strong nose
a: no special abilities


You were on level 3 of the Dungeon.
You were hungry.

You visited 1 branch of the dungeon, and saw 3 of its levels.

You collected 105 gold pieces.

Inventory:

Hand Weapons
 p - a +1 vampiric short sword (weapon)
Missiles
 e - 174 stones (quivered)
 s - 21 arrows
Armour
 a - a +0 robe (worn)
 b - a +0 hat (worn)
 m - a +0 pair of gloves (worn)
Jewellery
 n - an uncursed amulet of faith {unknown}
Scrolls
 g - a scroll of remove curse {unknown}
 j - a scroll of immolation {unknown}
 k - 2 scrolls of fear {unknown}
 q - a scroll of identify {unknown}
 r - 2 scrolls of teleportation {unknown}
Potions
 c - a potion of haste {unknown}
 f - a potion of ambrosia {unknown}
 l - a potion of mutation {unknown}
 o - a potion of flight {unknown}
Comestibles
 d - 7 rations


   Skills:
 + Level 1.3 Fighting
 + Level 1.3 Short Blades
 + Level 1.3 Long Blades
 + Level 1.3 Axes
 + Level 1.3 Maces & Flails
 + Level 1.3 Polearms
 + Level 1.3 Staves
 + Level 1.3 Slings
 + Level 1.3 Bows
 + Level 1.3 Crossbows
 + Level 1.3 Throwing
 + Level 1.3 Armour
 + Level 4.7 Dodging
 + Level 4.3 Stealth
 + Level 1.3 Shields
 + Level 1.3 Unarmed Combat
 + Level 7.2 Spellcasting
 + Level 2.3 Conjurations
 + Level 1.1 Hexes
 + Level 1.1 Charms
 + Level 2.3 Summonings
 + Level 1.1 Necromancy
 + Level 2.3 Translocations
 + Level 1.1 Transmutations
 + Level 1.1 Fire Magic
 + Level 1.1 Ice Magic
 + Level 1.1 Air Magic
 + Level 1.1 Earth Magic
 + Level 1.1 Poison Magic
 + Level 1.5 Invocations
 + Level 1.3 Evocations


You had 7 spell levels left.
You knew the following spells:

 Your Spells              Type           Power        Failure   Level  Hunger
a - Magic Dart            Conj           ###.         3%          1    None
b - Blink                 Tloc           N/A          4%          2    None
c - Call Imp              Summ           ###.....     4%          2    None
d - Mephitic Cloud        Conj/Pois/Air  ##......     13%         3    None
e - Conjure Flame         Conj/Fire      ###.....     12%         3    None

Your spell library contained the following spells:

 Spells                   Type           Power        Failure   Level  Hunger
 Slow                     Hex            ##......     8%          2    None


Dungeon Overview and Level Annotations

Branches:
Dungeon (3/15)

Altars:
Vehumet

Annotations:
D:3 Grinder


Innate Abilities, Weirdness & Mutations

Your experience applies equally to all skills.
You have very sharp teeth.
Your uncanny sense of smell can sniff out nearby items.


Message History

Your white imp gestures at Grinder.
The puff of frost hits Grinder.
Grinder resists.
Grinder gestures at you. Pain shoots through your body!
* * * LOW HITPOINT WARNING * * *
Your crimson imp blinks!
Your white imp misses Grinder.
Your white imp gestures at Grinder.
The puff of frost hits Grinder.
Grinder resists.
Grinder gestures at you.
You barely resist.
Your white imp gestures at Grinder.
The puff of frost hits Grinder.
Grinder resists.
Your white imp barely misses Grinder.
You can move again.
Your white imp closely misses Grinder.
Your white imp gestures at Grinder.
The puff of frost hits Grinder.
Grinder resists.
Grinder zaps a wand.
The puff of flame hits you!
You die...

#...........#
##..#...#....#
#..###.###...#
#...#...#...##
......_.....# #...#...#...#
#..###.###5.#
##..#...#...###############
#.........55.5.@.........#
###...##.#.#############.#
##.....#.).# #.#
##.......##.# #.#
#.........#.######## #.#
........).#......†.# #.#
#.........#.######.# #.#
##.......##.######.# #.#
##.....##......<..# #.#


You could see Grinder and 2 friendly white imps.

Vanquished Creatures
  5 adders
  An ooze (D:2)
  3 dart slugs
  4 leopard geckos
  2 orcs (D:3)
  6 bats
  6 giant cockroaches
  4 goblins
  7 hobgoblins
  7 jackals
  10 kobolds
  2 quokkas (D:2)
  7 frilled lizards
  7 rats
71 creatures vanquished.

Notes
Turn   | Place    | Note
-------+----------+-------------------------------------------
     0 | D:1      | Barrydekale the Gnoll Wizard began the quest for the Orb.
     0 | D:1      | Reached XP level 1. HP: 13/13 MP: 8/8
   317 | D:1      | Reached XP level 2. HP: 19/19 MP: 8/10
   321 | D:1      | Learned a level 2 spell: Blink
   324 | D:1      | Learned a level 2 spell: Call Imp
   696 | D:1      | Reached XP level 3. HP: 25/25 MP: 8/11
  1212 | D:2      | Reached skill level 1 in Invocations
  1334 | D:2      | Reached skill level 1 in Fighting
  1334 | D:2      | Reached skill level 1 in Short Blades
  1334 | D:2      | Reached skill level 1 in Long Blades
  1334 | D:2      | Reached skill level 1 in Axes
  1334 | D:2      | Reached skill level 1 in Maces & Flails
  1334 | D:2      | Reached skill level 1 in Polearms
  1334 | D:2      | Reached skill level 1 in Staves
  1334 | D:2      | Reached skill level 1 in Slings
  1334 | D:2      | Reached skill level 1 in Bows
  1334 | D:2      | Reached skill level 1 in Crossbows
  1334 | D:2      | Reached skill level 1 in Throwing
  1334 | D:2      | Reached skill level 1 in Armour
  1334 | D:2      | Reached skill level 1 in Shields
  1334 | D:2      | Reached skill level 1 in Unarmed Combat
  1334 | D:2      | Reached skill level 1 in Evocations
  1415 | D:2      | Reached XP level 4. HP: 31/32 MP: 1/13
  1601 | D:2      | Learned a level 3 spell: Mephitic Cloud
  1605 | D:2      | Learned a level 3 spell: Conjure Flame
  2159 | D:3      | Noticed Grinder
  2165 | D:3      | Paralysed by Grinder for 2 turns
  2448 | D:3      | Reached skill level 1 in Hexes
  2448 | D:3      | Reached skill level 1 in Charms
  2448 | D:3      | Reached skill level 1 in Necromancy
  2448 | D:3      | Reached skill level 1 in Transmutations
  2448 | D:3      | Reached skill level 1 in Fire Magic
  2448 | D:3      | Reached skill level 1 in Ice Magic
  2448 | D:3      | Reached skill level 1 in Air Magic
  2448 | D:3      | Reached skill level 1 in Earth Magic
  2448 | D:3      | Reached skill level 1 in Poison Magic
  2712 | D:3      | Found a radiant altar of Vehumet.
  2735 | D:3      | Reached XP level 5. HP: 37/37 MP: 7/14
  3179 | D:3      | Paralysed by Grinder for 4 turns
  3186 | D:3      | Killed from afar by Grinder

Levels and vault maps discovered:
D:1:      psy_arrival_whirlpool, layout_loops_corners
D:2:      layout_loops_ring, hangedman_decor_riveting,
          minmay_misc_feat_enclosed, minmay_pentomino_o2
D:3:      layout_loops_ring, vehumet_crystals, uniq_grinder

Skill      XL: |  1  2  3  4 |
---------------+-------------+-----
Conjurations   | 2 |  2.3
Summonings     | 2 |  2.3
Translocations | 2 |  2.3
Invocations    | 1 |  1.5
Fighting       | 1 |  1.3
Short Blades   | 1 |  1.3
Long Blades    | 1 |  1.3
Axes           | 1 |  1.3
Maces & Flails | 1 |  1.3
Polearms       | 1 |  1.3
Staves         | 1 |  1.3
Slings         | 1 |  1.3
Bows           | 1 |  1.3
Crossbows      | 1 |  1.3
Throwing       | 1 |  1.3
Armour         | 1 |  1.3
Shields        | 1 |  1.3
Unarmed Combat | 1 |  1.3
Evocations     | 1 |  1.3
Hexes          | 1 |  1.1
Charms         | 1 |  1.1
Necromancy     | 1 |  1.1
Transmutations | 1 |  1.1
Fire Magic     | 1 |  1.1
Ice Magic      | 1 |  1.1
Air Magic      | 1 |  1.1
Earth Magic    | 1 |  1.1
Poison Magic   | 1 |  1.1
Dodging        | |  4.7
Stealth        | |  4.3
Spellcasting   | |  7.2

Action                   |  1- 3 |  4- 6 || total
-------------------------+-------+-------++-------
Melee: Dagger            |     5 |       ||     5
       Unarmed           |       |     9 ||     9
       Short sword       |       |     3 ||     3
       Bite              |       |     2 ||     2
 Fire: Hunting sling     |     3 |       ||     3
 Cast: Magic Dart        |    79 |    90 ||   169
       Call Imp          |       |     7 ||     7
  Eat: Chunk             |     1 |     5 ||     6
Armor: Robe              |    10 |     7 ||    17
Dodge: Dodged            |    17 |    26 ||    43

Table legend:
 A = Non-vault XP
 B = Vault XP
 C = Vault XP percentage of total XP
 D = Non-vault monster count
 E = Vault monster count
 F = Vault count percentage of total count
                 A         B        C        D         E       F
            +---------+---------+-------+---------+---------+-------
      Total |     190 |       2 |   1.0 |      70 |       1 |   1.4
            +---------+---------+-------+---------+---------+-------
        D:1 |      37 |       0 |   0.0 |      23 |       0 |   0.0
        D:2 |      61 |       2 |   3.2 |      24 |       1 |   4.0
        D:3 |      92 |       0 |   0.0 |      23 |       0 |   0.0
            +---------+---------+-------+---------+---------+-------
